 Dungeon Crawl Stone Soup version 0.29-a0-284-gf9362112df (webtiles) character file.

Game seed: 12840132563779345439

38 GigaChad the Insei (level 3, -1/29 HPs)
             Began as a Draconian Transmuter on Mar 30, 2022.
             Was an Initiate of the Shining One.
             Splashed by a jelly's acid (6 damage)
             ... created by Jiyva
             ... on level 2 of the Dungeon.
             The game lasted 00:08:35 (1126 turns).

GigaChad the Insei (Draconian Transmuter)           Turns: 1126, Time: 00:08:52

Health: -1/29      AC: -3    Str: 12    XL:     3   Next: 25%
Magic:  6/6        EV: 12    Int: 13    God:    the Shining One [......]
Gold:   55         SH:  0    Dex: 13    Spells: 5/6 levels left

rFire   . . .      SeeInvis .   d - +0 short sword
rCold   . . .      Faith    .   (no shield)
rNeg    . . .      Spirit   .   (body armour unavailable)
rPois   .          Reflect  .   (helmet restricted)
rElec   .          Harm     .   (no cloak)
rCorr   .          Rampage  .   (no gloves)
Will    .....                   (no boots)
Stlth   +.........              (no amulet)
HPRegen 0.09/turn               (no ring)
MPRegen 0.10/turn               (no ring)

@: corroded, glowing
A: AC +5, unfitting armour, cold-blooded
a: Renounce Religion


You were on level 2 of the Dungeon.
You worshipped the Shining One.
The Shining One was noncommittal.
You visited 1 branch of the dungeon, and saw 2 of its levels.

You collected 55 gold pieces.

Inventory:

Hand Weapons
 d - a +0 short sword (weapon)
Missiles
 b - 6 poisoned darts
Armour
 c - a +0 leather armour
Scrolls
 h - a scroll of fog {unknown}
Potions
 a - a potion of lignification
 e - a potion of invisibility
 f - a potion of brilliance {unknown}
 g - 3 potions of might {unknown}


   Skills:
 + Level 1.9 Fighting
 + Level 0.2 Short Blades
 + Level 2.2 Dodging
 + Level 3.5 Unarmed Combat
 + Level 2.1 Spellcasting
 + Level 2.1 Transmutations


You had 5 spell levels left.
You knew the following spells:

 Your Spells              Type           Power      Damage    Failure   Level
a - Beastly Appendage     Tmut           12%        N/A       11%         1

Your spell library contained the following spells:

 Spells                   Type           Power      Damage    Failure   Level
 Wereblood                Tmut           6%         N/A       16%         2
 Spider Form              Tmut/Pois      4%         N/A       43%         3
 Call Canine Familiar     Summ           1%         N/A       58%         3
 Portal Projectile        Hex/Tloc       2%         N/A       58%         3
 Ice Form                 Ice/Tmut       4%         N/A       85%         4
 Leda's Liquefaction      Hex/Erth       0%         N/A       94%         4


Dungeon Overview and Level Annotations

Branches:
Dungeon (2/15)

Altars:
The Shining One
Jiyva

Shops:
D:1 (


Innate Abilities, Weirdness & Mutations

Your plain brown scales are hard. (AC +5)
You cannot fit into any form of body armour.
You are cold-blooded and may be slowed by cold attacks.


Message History

You hear a slurping noise.
The goblin closely misses you.
You hit the goblin but do no damage. The goblin hits you with a +0 club.
You hit the goblin.
You kill the goblin!
You swap places.
You see here a +0 club.
You hear a slurping noise.
Found a glowing golden altar of the Shining One.
There is a glowing golden altar of the Shining One here.
You kneel at the altar of the Shining One.
You have lost your religion!
Jiyva does not appreciate desertion!
All of your fellow slimes turn on you. The Shining One welcomes you!
Welcome back, GigaChad the Draconian Transmuter.
The Shining One says: Lead the forces of light to victory!
Press ? for a list of commands and other information.
There is a glowing golden altar of the Shining One here.
You offer a prayer to the Shining One.
Unknown command.
Press < or > to pray at altars.
You offer a prayer to the Shining One.
You offer a prayer to the Shining One.
A kobold comes into view. It is wielding a +0 dagger.
The kobold throws a stone.
The stone hits you but does no damage.
You hit the kobold.
You kill the kobold!
Things that are here:
a +0 dagger; 5 stones The jelly closely misses you.
The jelly hits you. The acid corrodes you!
You are splashed with acid!
The jelly hits you.
You are splashed with acid!
You hit the jelly.
Your hands burn!
* * * LOW HITPOINT WARNING * * *
The jelly is lightly wounded.
The jelly hits you.
* * * LOW HITPOINT WARNING * * *
The acid corrodes you!
You are splashed with acid.
You die...

......#.# #............_...#
..... #.######..######.#......#
......#........#######.#......#
........#......#.....#.###....#
.......................###.####
... ..#....................# .
#...>............#...#
#................#...#
#.........@......#..)#
............J......#...#
##.....................####
#........................#
####............###......#
......######## #......# #.###
######## #.


You could see a jelly.

Vanquished Creatures
  2 dart slugs
  4 bats
  2 endoplasms (D:1)
  A hobgoblin (D:1)
  6 jackals (D:1)
  A quokka (D:2)
  4 ball pythons
  A frilled lizard (D:1)
  4 goblins
  3 kobolds
  3 rats (D:2)
31 creatures vanquished.

Vanquished Creatures (collateral kills)
  A jackal (D:1)
1 creature vanquished.

Vanquished Creatures (others)
  An endoplasm (D:2)
  A kobold (D:2)
  A quokka (D:2)
  A rat (D:2)
4 creatures vanquished.

Grand Total: 36 creatures vanquished

Notes
Turn   | Place    | Note
-------+----------+-------------------------------------------
     0 | D:1      | GigaChad the Draconian Transmuter began the quest for the
                  | Orb.
     0 | D:1      | Reached XP level 1. HP: 16/16 MP: 3/3
   210 | D:1      | Found Nioseid's Antique Weapon Boutique.
   247 | D:1      | Found a faded altar of an unknown god.
   283 | D:1      | Reached XP level 2. HP: 16/23 MP: 5/5
   697 | D:1      | Prayed at the altar of an unknown god.
   697 | D:1      | Became a worshipper of Jiyva Jahen the Shapeless
   697 | D:1      | Reached * piety under Jiyva
   928 | D:2      | Reached XP level 3. HP: 29/29 MP: 6/6
  1084 | D:2      | Found a glowing golden altar of the Shining One.
  1092 | D:2      | Fell from the grace of Jiyva
  1092 | D:2      | Became a worshipper of the Shining One
  1126 | D:2      | Splashed by a jelly's acid

Illustrated notes

Levels and vault maps discovered:
D:1:      co_arrival_random_square_maze, layout_loops_ring, serial_shops,
          nicolae_shop_crystal, shapermc_ecumenical_altar_notcrosses
D:2:      layout_rooms, basic_altar, uniq_jessica

Skill      XL: |  1  2 |
---------------+-------+-----
Dodging        | 2 |  2.2
Fighting       | |  1.9
Short Blades   | |  0.2
Unarmed Combat | |  3.5
Spellcasting   | |  2.1
Transmutations | |  2.1

Action                   || total
-------------------------++-------
Melee: Short sword       ||    81
       Unarmed           ||     8
       Tailslap          ||     4
       Punch             ||     3
       Headbutt          ||     1
 Cast: Beastly Appendage ||     5
  Use: Scroll            ||     5
Armor: Skin              ||    48
Dodge: Dodged            ||    87

Table legend: (Time is in decaauts)
 A = Elapsed time spent in this place.
 B = Non-inter-level travel time spent in this place.
 C = Inter-level travel time spent in this place.
 D = Time resting spent in this place.
 E = Time spent auto-exploring this place.
 F = Levels seen in this place.
 G = Mean time per level.
                   A        B        C        D        E       F      G
               +--------+--------+--------+--------+--------+-----+--------+
         Total |   1146 |   1146 |      0 |      0 |      0 |   2 |  573.0 |
       Dungeon |   1146 |   1146 |      0 |      0 |      0 |   2 |  573.0 |
               +--------+--------+--------+--------+--------+-----+--------+

Top non-repeatable levels by time:
     D:1: 859 daAuts
     D:2: 286 daAuts
